 Dungeon Crawl Stone Soup version 0.18-a0-1805-g8ab820f (webtiles) character file.

17 Loki the Grasshopper (level 2, -2/15 HPs)
             Began as a Vine Stalker Warper on Apr 25, 2016.
             Was an Initiate of Cheibriados.
             Slain by an iguana (9 damage)
             ... on level 4 of the Dungeon.
             The game lasted 00:05:41 (394 turns).

Loki the Grasshopper (Vine Stalker Warper)           Turns: 394, Time: 00:05:41

Health: -2/15      AC:  3    Str: 14    XL:     2   Next: 62%
Magic:  0/6        EV:  9    Int: 14    God:    Cheibriados [......]
Gold:   47         SH:  9    Dex: 14    Spells: 1 memorised, 4 levels left

rFire  . . .     SeeInvis .       - Unarmed
rCold  . . .     Gourm    .     a - +0 leather armour
rNeg   . . .     Faith    .     k - +2 shield
rPois  .         Spirit   +     (no helmet)
rElec  .         Dismiss  .     (no cloak)
rCorr  .         Reflect  .     (no gloves)
SustAt .         Harm     .     (no boots)
MR     .....                    (no amulet)
Stlth  +.........               (no ring)
                                (no ring)

@: very slightly contaminated, very slow, not resistant to hostile enchantments,
very unstealthy
A: fangs 2, regeneration 1, magic shield, antimagic bite, no device heal 3, rot
immunity
a: Bend Time, Renounce Religion


You were on level 4 of the Dungeon.
You worshipped Cheibriados.
Cheibriados was noncommittal.
You were not hungry.

You visited 1 branch of the dungeon, and saw 4 of its levels.

You collected 47 gold pieces.

Inventory:

Missiles
 d - 5 tomahawks of dispersal (quivered)
Armour
 a - a +0 leather armour (worn)
 k - a +2 shield (worn)
Jewellery
 l - an uncursed amulet of harm {unknown}
Wands
 m - a wand of digging (5/24)
Scrolls
 c - a scroll of blinking
 g - a scroll of identify
 j - a scroll of magic mapping {unknown}
Potions
 e - a potion of lignification
 h - a potion of heal wounds {unknown}
 i - a potion of cure mutation {unknown}
Books
 b - a book of Spatial Translocations

   Spells                             Type                      Level
   a - Apportation                    Translocation                1
   b - Blink                          Translocation                2
   c - Shroud of Golubria             Charms/Translocation         2
   d - Portal Projectile              Translocation                3
   e - Teleport Other                 Translocation                3
   f - Passage of Golubria            Translocation                4
Comestibles
 f - a bread ration


   Skills:
 - Level 1.7 Fighting
 - Level 0.8 Throwing
 - Level 0.7 Armour
 - Level 1.5 Dodging
 + Level 0.3 Shields
 * Level 2.5 Unarmed Combat
 - Level 2.1 Spellcasting
 - Level 3.4 Translocations


You had 4 spell levels left.
You knew the following spells:

 Your Spells              Type           Power        Failure   Level  Hunger
a - Apportation           Tloc           ##........   61%         1    #......


Dungeon Overview and Level Annotations

Branches:
Dungeon (4/15)
 Temple: D:4-7

Altars:
Cheibriados


Innate Abilities, Weirdness & Mutations

You have extremely sharp teeth.
Your natural rate of healing is unusually fast.
When hurt, damage is shared between your health and your magic reserves.
Your bite disrupts and absorbs the magic of your enemies.
Potions and wands cannot restore your health.
You are immune to rotting.


Message History

You block the giant cockroach's attack.
You completely miss the giant cockroach.
You bite the giant cockroach, but do no damage.
The giant cockroach bites you but does no damage.
You hit the giant cockroach.
You bite the giant cockroach, but do no damage.
The giant cockroach is almost dead.
The giant cockroach bites you but does no damage.
The iguana bites you!
Ouch! That really hurt!
You closely miss the giant cockroach.
The giant cockroach is almost dead.
The giant cockroach bites you but does no damage.
You block the giant cockroach's attack. The iguana closely misses you.
You hit the giant cockroach.
You kill the giant cockroach!
Cheibriados appreciates the change of pace.
You hit the iguana but do no damage. The iguana bites you!
Ouch! That really hurt!
You die...

###### #....#
#....# ###....#
[###......##
.....#.....#
#..>@l..##
##..###..######
..(.....#.#....#
#...............#
#.....l.##.#....#
#......# #$.....#
#...... ##..<..#
#..... #..####
.... #..#


You could see an iguana.

Vanquished Creatures
  2 dart slugs (D:3)
  A giant cockroach (D:4)
  A goblin (D:2)
  4 hobgoblins (D:3)
  A bat (D:1)
  A giant newt (D:2)
  A kobold (D:2)
  2 rats
13 creatures vanquished.

Notes
Turn   | Place    | Note
--------------------------------------------------------------
     0 | D:1      | Loki the Vine Stalker Warper began the quest for the Orb.
     0 | D:1      | Reached XP level 1. HP: 11/11 MP: 4/4
   161 | D:3      | Reached XP level 2. HP: 5/15 MP: 6/6
   211 | D:4      | Noticed an ogre
   234 | D:3      | Found a snail-covered altar of Cheibriados.
   295 | D:3      | Became a worshipper of Cheibriados the Contemplative
   394 | D:4      | Slain by an iguana

Vault maps used:
D:1:      scummos_arrival_simple_crosswalls
D:2:      nicolae_gozag_cash_rules_everything_around_me
D:3:      first_bread, kennysheep_slug_shrine, uniq_iyjb
D:4:      sigmund_army

Action                   || total
-------------------------++-------
Melee: Unarmed           ||    46
       Bite              ||    15
       Punch             ||     2
 Cast: Apportation       ||     8
  Use: Scroll            ||     1
Armor: Leather armour    ||    10
Dodge: Dodged            ||     8
Block: Shield            ||     3
